 Dungeon Crawl Stone Soup version 0.30.1-11-g7821555f0a (webtiles) character file.

Game seed: 10690625978012239484

469914 o55k the Slayer (level 24, -10/222 HPs)
             Began as a Barachi Hunter on Nov 5, 2023.
             Was the Champion of Jiyva.
             Killed from afar by an orb of fire (23 damage)
             ... with a fireball
             ... on level 5 of the Realm of Zot on Nov 7, 2023.
             The game lasted 04:04:58 (46586 turns).

o55k the Slayer (Barachi Hunter)                   Turns: 46586, Time: 04:04:58

Health: -10/222    AC: 22    Str: 18    XL:     24   Next: 33%
Magic:  0/35       EV: 48    Int: 10    God:    Jiyva [******]
Gold:   2431       SH:  5    Dex: 36    Spells: 32/39 levels left

rFire   + + .        T - +8 longbow of the Destroying Jester {elec, SInv}
rCold   + . .        (shield currently unavailable)
rNeg    + . .        F - +5 acid dragon scales
rPois   +            Q - +1 hat "Wielinun" {Will+}
rElec   +            m - +2 cloak
rCorr   +            l - +0 pair of gloves
SInv    +            (no boots)
Will    ++...        K - amulet of reflection
Stlth   ++++         o - +6 ring of dexterity
HPRegen 2.17/turn    W - ring "Delegow" {rN+ Str+6 Dex+4 Slay+4}
MPRegen 0.74/turn

%: reflection
@: about to teleport, resistant, unable to hop, hasted, quick
A: amphibious, slowness 1, strong legs 2, +LOS, hooves 2, horns 1, iridescent
scales 1, fire resistance 1, screaming 1, shaggy fur 1, weak 1, eyeballs 2,
gelatinous body 3, pseudopods 1, translucent skin 1, tendrils
}: 3/15 runes: barnacled, slimy, gossamer
a: Hop, Renounce Religion, Oozemancy, Slimify


You were on level 5 of the Realm of Zot.
You worshipped Jiyva.
Jiyva was exalted by your worship.
You visited 11 branches of the dungeon, and saw 49 of its levels.
You visited 1 bazaar.
You also visited: Trove and Sewer.

You collected 4713 gold pieces.
You spent 2282 gold pieces at shops.

Inventory:

Hand Weapons
 n - the +27 heavy crossbow "Sniper" {heavy, Acc+∞ SInv}
   (You found it in a treasure trove)

   Acc+∞: It never misses its target.
   SInv:      It lets you see invisible.
 T - the +8 longbow of the Destroying Jester (weapon) {elec, SInv}
   (You found it on level 5 of the Pits of Slime)

   SInv:      It lets you see invisible.
Armour
 l - a +0 pair of gloves (worn)
 m - a +2 cloak (worn)
 F - +5 acid dragon scales (worn)
 O - a +1 pair of boots
 Q - the +1 hat "Wielinun" (worn) {Will+}
   (You acquired it on level 2 of the Shoals)

   Will:      It increases your willpower.
Jewellery
 d - a ring of flight
 f - a ring of poison resistance
 o - a +6 ring of dexterity (left hand)
 z - a +4 ring of protection
 K - an amulet of reflection (around neck)
 M - a ring of positive energy
 P - a ring of willpower
 U - a +6 ring of dexterity
 V - the ring "Fuclog" {rPois rF- Dex+3 SInv}
   (You found it on level 5 of the Pits of Slime)

   [ring of poison resistance]

   Dex:       It affects your dexterity (+3).
   rF:        It makes you vulnerable to fire.
   rPois:     It protects you from poison.
   SInv:      It lets you see invisible.
 W - the ring "Delegow" (right hand) {rN+ Str+6 Dex+4 Slay+4}
   (You found it on level 3 of the Elven Halls)

   [ring of slaying]

   Str:       It affects your strength (+6).
   Dex:       It affects your dexterity (+4).
   Slay:      It affects your accuracy & damage with ranged weapons and melee
   (+4).
   rN:        It protects you from negative energy.
 X - a +4 ring of protection
 Y - the amulet "Iluplig" {Spirit rPois}
   (You found it on level 4 of the Shoals)

   [amulet of guardian spirit]

   It causes incoming damage to be divided between your reserves of health and
   magic.
   rPois:     It protects you from poison.
Wands
 b - a wand of charming (9)
 e - a wand of light (21)
 h - a wand of digging (25)
 j - a wand of mindburst (32)
 v - a wand of iceblast (57)
 D - a wand of flame (35)
 L - a wand of polymorph (10)
Scrolls
 i - 8 scrolls of amnesia
 k - 2 scrolls of fog
 r - 3 scrolls of blinking
 y - 3 scrolls of silence
 A - 6 scrolls of fear
 B - 4 scrolls of brand weapon
 E - 4 scrolls of butterflies
 I - 3 scrolls of teleportation
 N - 2 scrolls of magic mapping
 S - 2 scrolls of enchant weapon
Potions
 a - 2 potions of haste
 c - 12 potions of might
 g - 6 potions of mutation
 s - 4 potions of magic
 t - 15 potions of ambrosia
 u - 5 potions of cancellation
 w - 5 potions of resistance
 x - 3 potions of brilliance
 C - 3 potions of invisibility
 G - 2 potions of berserk rage
 H - 9 potions of flight
 J - a potion of heal wounds
Miscellaneous
 p - a box of beasts


   Skills:
 + Level 25.7 Fighting
 - Level 19.2 Ranged Weapons
 + Level 9.1 Armour
 + Level 25.2 Dodging
 - Level 2.6 Stealth
 - Level 8.2 Spellcasting
 - Level 7.0 Translocations
 - Level 11.2 Transmutations
 - Level 11.1 Air Magic
 - Level 10.2 Earth Magic
 - Level 7.6 Evocations


You had 32 spell levels left.
You knew the following spells:

 Your Spells              Type           Power      Damage    Failure   Level
a - Blink                 Tloc           36%        N/A       1%          2
b - Passwall              Tmut/Erth      20%        N/A       1%          2
c - Swiftness             Air            26%        N/A       1%          3

Your spell library contained the following spells:

 Spells                   Type           Power      Damage    Failure   Level
 Apportation              Tloc           36%        N/A       1%          1
 Beastly Appendage        Tmut           52%        N/A       1%          1
 Sandblast                Erth           48%        2d12      1%          1
 Lesser Beckoning         Tloc           36%        N/A       1%          2
 Wereblood                Tmut           26%        N/A       1%          2
 Vhi's Electric Charge    Tloc/Air       44%        N/A       1%          3
 Shock                    Conj/Air       60%        1d6       2%          1
 Airstrike                Air            13%        2d(2-18)  2%          4
 Petrify                  Tmut/Erth      25%        N/A       2%          4
 Spider Form              Tmut/Pois      15%        N/A       6%          3
 Blade Hands              Tmut           13%        N/A       6%          5
 Momentum Strike          Conj/Tloc      22%        3d8       8%          2
 Stone Arrow              Conj/Erth      28%        3d8       8%          3
 Manifold Assault         Tloc           18%        N/A       12%         4
 Mephitic Cloud           Conj/Pois/Air  11%        N/A       14%         3
 Portal Projectile        Hex/Tloc       22%        N/A       16%         3
 Volatile Blastmotes      Fire/Tloc      22%        2d11      16%         3
 Freeze                   Ice            16%        1d4       22%         1
 Magic Dart               Conj           16%        1d3       22%         1
 Necrotise                Necr           16%        1d4       22%         1
 Summon Small Mammal      Summ           16%        N/A       22%         1
 Summon Lightning Spire   Summ/Air       15%        N/A       22%         4
 Animate Armour           Summ/Erth      28%        N/A       26%         4
 Leda's Liquefaction      Hex/Erth       7%         N/A       26%         4
 Call Imp                 Summ           8%         N/A       32%         2
 Ensorcelled Hibernation  Hex/Ice        8%         N/A       32%         2
 Statue Form              Tmut/Erth      16%        N/A       36%         6
 Alistair's Intoxication  Tmut/Pois      10%        N/A       50%         5
 Yara's Violent Unravell  Hex/Tmut       7%         3d5       50%         5
 Arcjolt                  Conj/Air       7%         1d17      52%         5
 Call Canine Familiar     Summ           4%         N/A       54%         3
 Inner Flame              Hex/Fire       4%         N/A       54%         3
 Ozocubu's Armour         Ice            4%         N/A       54%         3
 Summon Guardian Golem    Hex/Summ       4%         N/A       54%         3
 Borgnjor's Vile Clutch   Necr/Erth      7%         N/A       56%         5
 Storm Form               Tmut/Air       13%        N/A       87%         7
 Animate Dead             Necr           4%         N/A       91%         4
 Flame Wave               Conj/Fire      4%         2d5       91%         4
 Olgreb's Toxic Radiance  Pois           4%         N/A       91%         4
 Sticky Flame             Conj/Fire      4%         2d3       91%         4
 Conjure Ball Lightning   Conj/Air       7%         3x3d6     97%         6
 Eringya's Noxious Bog    Tmut/Pois      7%         N/A       97%         6
 Plasma Beam              Fire/Air       7%         2x1d20    97%         6
 Iron Shot                Conj/Erth      7%         9d2       98%         6
 Iskenderun's Battlesphe  Conj           4%         2d6       99%         5
 Metabolic Englaciation   Hex/Ice        2%         N/A       99%         5
 Death Channel            Necr           2%         N/A       100%        6
 Starburst                Conj/Fire      2%         6d3       100%        6
 Summon Cactus Giant      Summ           2%         N/A       100%        6
 Spellforged Servitor     Conj/Summ      2%         N/A       100%        7
 Discord                  Hex            2%         N/A       100%        8
 Disjunction              Tloc           9%         N/A       100%        8
 Maxwell's Capacitive Co  Air            13%        ∞         100%        8
 Summon Horrible Things   Summ           2%         N/A       100%        8
 Fire Storm               Conj/Fire      2%         8d1       100%        9


Dungeon Overview and Level Annotations

Branches:
Dungeon (15/15)            Temple (1/1) D:6            Lair (5/5) D:11
 Shoals (4/4) Lair:3       Spider (4/4) Lair:3        Slime (5/5) Lair:5
    Orc (2/2) D:11            Elf (3/3) Orc:2        Vaults (0/5) D:13
 Depths (4/4) D:15           Hell (visited)             Zot (5/5) Depths:4
  Sewer (visited)
    Dis: Hell:1         Geh: Hell:1         Coc: Hell:1         Tar: Hell:1

Altars:
Ashenzari
Cheibriados
Elyvilon
Fedhas
Gozag
Hepliaklqana
Kikubaaqudgha
Nemelex Xobeh
Qazlal
Ru
Sif Muna
Trog
Uskayaw
Vehumet
Xom
Zin
Ignis
Jiyva

Shops:
D:1 ((!=   D:3 *   D:5 (   D:14 *   Orc:1 (**(:(   Orc:2 (::=?   Elf:3 (

Portals:
Hell: Depths:1 Depths:2 Depths:3 Depths:4
Abyss: D:15 Depths:3 Depths:4
Pandemonium: Depths:2
Ziggurat: Depths:1

Annotations:
D:2 Natasha
D:6 exclusion: statue
Slime:5 Royal Jelly
Depths:3 Parghit
Hell exclusion: ice statue, Geryon
Zot:1 2 transporters, Beclu's ghost, legendary GnSk


Innate Abilities, Weirdness & Mutations

You are amphibious.
You cover ground slowly.
You can hop long distances.
You have an extended range of vision and can be seen from far away.
You have hoof-like feet.
You have a pair of small horns on your head.
You are partially covered in iridescent scales. (AC +2)
Your flesh is heat resistant. (rF+)
You occasionally shout uncontrollably at your foes.
You are covered in fur. (AC +1)
You are weak. (Str -2)
Your body has grown many eyes which may confuse attackers. (Acc +5)
Your gelatinous body deflects attacks. (AC +3, EV +3)
Armour fits poorly on your pseudopods.
Your translucent skin slightly reduces your foes' accuracy. (Stealth+)
You are covered in slimy tendrils that may disarm your opponents.


Message History

You shoot an arrow.
The arrow closely misses the orb of fire.
The arrow hits the ghost moth!!
The ghost moth is severely wounded.
Fire: T) +8 longbow of the Destroying Jester {elec, SInv}
Press: ? - help, Q - select action, (/) - cycle Shift-Dir - straight line, f/p - orb of fire
Aim: an orb of fire (moderately damaged, 70% to hit)
You shoot an arrow.
The arrow hits the orb of fire but does no damage.
The orb of fire is moderately damaged.
The orb of fire glows yellow.
The fireball explodes!
The fireball engulfs you. You resist.
* * * LOW HITPOINT WARNING * * *
The fireball engulfs the orb of fire.
The orb of fire completely resists.
The ghost moth stares at you.
You feel your power leaking away.
Fire: T) +8 longbow of the Destroying Jester {elec, SInv}
Press: ? - help, Q - select action, (/) - cycle Shift-Dir - straight line, f/p - orb of fire
Aim: an orb of fire (moderately damaged, 70% to hit)
You shoot an arrow. The arrow hits the orb of fire!
The orb of fire is moderately damaged.
The orb of fire glows red.
The fireball explodes!
The fireball engulfs the orb of fire.
The orb of fire completely resists.
The fireball engulfs you! You resist.
* * * LOW HITPOINT WARNING * * *
The ghost moth stares at you.
You feel your power leaking away.
As you read the scroll of teleportation, it crumbles to dust.
You feel strangely unstable.
You feel the Orb delaying your translocation!
The orb of fire emits a lurid red light.
The fireball explodes!
The fireball engulfs you!! You resist.
* * * LOW HITPOINT WARNING * * *
The fireball engulfs the orb of fire.
The orb of fire completely resists.
The ghost moth stares at you.
You feel your power leaking away.
You feel yourself speed up.
The orb of fire glows red.
The fireball explodes!
The fireball engulfs you!! You resist.
You die...

##..^........## #...............
#...........# #...............
##...^.......## #...............
#.............# #...............
#.............## #...............
...............###..^...........^
..###########...###..............
.# ##...*##............. #
###@*.yy............
#▓▓▓▓▓▓▓▓▓▓▓##^... ... .. .


You could see 2 orbs of fire, a ghost moth (invisible) and a moth of wrath.

Vanquished Creatures
  2 orbs of fire (Zot:5)
  An ancient lich (Zot:5)
  3 juggernauts
  Vv (Depths:4)
  A Killer Klown (Zot:5)
  A caustic shrike (Depths:2)
  2 curse toes (Zot:2)
  9 golden dragons
  A profane servitor (D:15)
  8 tentacled monstrosities
  5 electric golems
  A walking crystal tome (Depths:3)
  Rupert (D:12)
  6 liches
  10 Orb Guardians (Zot:5)
  4 deep elf blademasters (Elf:3)
  6 quicksilver dragons
  3 deep elf master archers (Elf:3)
  3 titans
  2 krakens
  Frances (D:12)
  A tentacled starspawn (D:15)
  3 death cobs
  3 sphinxes
  4 tengu reavers
  9 shadow dragons
  Agnes (Spider:3)
  Ilsuiw (Shoals:3)
  Roxanne (Elf:2)
  Gastronok (D:9)
  6 storm dragons
  Donald (Spider:3)
  7 fire giants
  4 iron dragons
  3 draconian knights
  The ghost of Kiedyfinla the Bringer of Law, an adept KoGl of Zin (D:15)
  3 emperor scorpions
  A draconian scorcher (Zot:2)
  9 deep elf sorcerers
  An orc warlord (D:11)
  9 frost giants
  2 draconian shifters
  Aizul (Spider:3)
  3 spriggan defenders (Depths:3)
  5 draconian stormcallers
  2 deep elf elementalists
  8 ghost moths
  3 draconian annihilators
  2 broodmothers
  5 vampire knights
  12 stone giants
  A juggernaut skeleton (Depths:1)
  17 very ugly things
  7 green draconians
  4 red draconians
  2 deep elf annihilators (Elf:3)
  2 deep elf demonologists
  The ghost of raetorn the Destroyer, a journeyman DgCj (Lair:2)
  A yellow draconian (Zot:4)
  2 black draconians
  10 white draconians
  20 spark wasps
  3 minotaurs (Shoals:4)
  3 purple draconians
  3 merfolk impalers
  9 ettins
  A green death (Hell)
  4 deep elf death magi (Elf:3)
  6 merfolk javelineers
  7 fire dragons
  An entropy weaver (Spider:3)
  A deep elf high priest (Elf:3)
  A spriggan zombie (Depths:2)
  8 ice dragons
  5 hydras
  4 rakshasas
  5 vault guards (D:13)
  6 jorogumos
  6 centaur warriors
  An ogre mage (D:15)
  3 spriggan air magi
  A merfolk avatar (Lair:5)
  6 tengu warriors
  4 radroaches
  3 boulder beetles
  11 satyrs
  7 two-headed ogres
  3 vampire magi
  An alligator snapping turtle (Shoals:2)
  7 deep troll earth magi
  5 merfolk aquamancers
  3 hell hogs (Hell)
  10 deep troll shamans
  A death yak (Lair:4)
  A thrashing horror (D:15)
  28 dancing weapons
  7 orc high priests (Orc:2)
  A sun demon (Hell)
  A shock serpent (shapeshifter) (Depths:3)
  16 deep elf knights
  6 spriggan berserkers
  15 hell knights
  A spriggan (Depths:4)
  Sonja (Orc:2)
  A shadow wraith (Hell)
  5 skeletal warriors (D:14)
  5 pharaoh ants
  9 skysharks
  10 iron trolls
  2 flayed ghosts
  A sun moth (Spider:2)
  5 orb spiders
  13 sea snakes
  22 deep trolls
  4 wizards
  A golden dragon skeleton (Depths:2)
  7 deep elf archers
  16 harpies
  23 wolf spiders
  39 ugly things
  An orc sorcerer (Orc:1)
  8 steelbarb worms
  33 deep elf pyromancers
  An orc knight (Orc:2)
  10 necromancers
  9 cyclopes
  15 fauns
  A salamander (shapeshifter) (Elf:2)
  12 manticores
  23 deep elf zephyrmancers
  A fire giant zombie (Depths:1)
  2 centaur zombies (D:15)
  18 elephants
  27 moths of wrath
  8 merfolk sirens
  A stone giant skeleton (Depths:1)
  A naga mage (D:15)
  6 torpor snails
  5 water nymphs
  9 demonic crawlers
  5 black mambas
  14 cane toads
  A gargoyle (D:12)
  3 rime drakes
  Maggie (D:9)
  A hellion (D:15)
  3 unseen horrors
  2 centaur skeletons (D:15)
  4 kobold demonologists (D:11)
  10 komodo dragons
  3 tengu conjurers
  2 efreet
  27 merfolk
  2 wind drakes
  A queen bee (Spider:2)
  2 polar bears
  23 meliai
  2 trolls
  A hornet (Depths:4)
  38 tarantellas
  15 blink frogs
  12 snapping turtles
  43 dream sheep
  24 jumping spiders
  4 slime creatures (D:13)
  22 culicivoras
  4 wyverns
  5 wraiths
  22 water elementals
  A shadow (D:12)
  2 air elementals
  27 yaks
  24 fire elementals
  5 humans (D:13)
  2 steam dragons (D:9)
  A basilisk (Lair:5)
  Grum (D:10)
  57 redbacks
  8 vampire mosquitoes
  17 water moccasins
  8 wargs
  3 acid dragons
  A tengu zombie (Depths:1)
  17 orc warriors
  A sky beast (D:6)
  12 wolves
  8 ogres
  16 centaurs
  2 kobold brigands
  7 bullfrogs
  3 scorpions
  A glowing shapeshifter simulacrum (Depths:2)
  4 earth elementals
  7 wights
  20 killer bees
  2 electric eels
  3 gnoll boudas
  3 jellies
  36 orc priests
  6 hounds
  2 iguanas
  2 sleepcaps (D:6)
  17 orc wizards
  A boggart skeleton (D:15)
  10 gnolls
  14 adders
  3 river rats (Sewer)
  A shadow imp (D:6)
  3 white imps
  2 worms
  2 dart slugs
  101 orcs
  7 endoplasms
  2 giant cockroaches
  8 goblins
  10 hobgoblins
  4 jackals
  7 quokkas
  10 ball pythons
  6 bats
  3 frilled lizards
  20 kobolds
  4 rats
  2 starspawn tentacles (D:15)
  3 tentacles (Shoals:3)
1665 creatures vanquished.

Vanquished Creatures (collateral kills)
  A fire giant (Depths:2)
  An orb spider (Spider:1)
2 creatures vanquished.

Vanquished Creatures (others)
  A spark wasp (Depths:2)
  A white draconian (Zot:1)
  A great orb of eyes (D:15)
  A vault guard (D:13)
  A boulder beetle (shapeshifter) (Depths:3)
  4 glowing orange brains
  An ugly thing (Depths:1)
  2 wizards
  An orc sorcerer (D:15)
  A manticore (Shoals:3)
  A merfolk siren (Shoals:4)
  A tengu conjurer (Depths:3)
  A meliai (shapeshifter) (Depths:1)
  A dream sheep (Shoals:3)
  2 slime creatures (D:14)
  A jumping spider (Spider:1)
  3 floating eyes
  A redback (Spider:3)
  A human (D:13)
  An ogre (Orc:2)
  A hornet simulacrum (D:14)
  170 jellies
  2 orc priests (Orc:2)
  7 orcs (Orc:2)
  3 training dummies (Orc:1)
  A frilled lizard (D:2)
  67 foxfires
  4 starspawn tentacles (D:15)
  14 tentacles
296 creatures vanquished.

Grand Total: 1963 creatures vanquished

Notes
Turn   | Place    | Note
-------+----------+-------------------------------------------
     0 | D:1      | o55k the Barachi Hunter began the quest for the Orb.
     0 | D:1      | Reached XP level 1. HP: 17/17 MP: 1/1
    71 | D:1      | Reached XP level 2. HP: 20/23 MP: 2/2
   118 | D:1      | Found Poxunir's Weapon Emporium.
   137 | D:1      | Found Qereffyv's Antique Weapon Boutique.
   175 | D:1      | Found a faded altar of an unknown god.
   201 | D:1      | Reached XP level 3. HP: 28/28 MP: 3/3
   229 | D:1      | Prayed at the altar of an unknown god.
   229 | D:1      | Became a worshipper of Ignis, the Dying Flame
   246 | D:1      | Found Sese Gyk's Distillery.
   272 | D:1      | Reached skill level 5 in Ranged Weapons
   344 | D:1      | Found Vam Haojoj's Jewellery Emporium.
   638 | D:1      | Reached XP level 4. HP: 19/34 MP: 4/4
   926 | D:2      | Noticed Natasha
  1070 | D:3      | Noticed a water moccasin
  1076 | D:3      | Killed a water moccasin
  1077 | D:3      | Reached XP level 5. HP: 23/39 MP: 5/5
  1281 | D:3      | Found Filer's Assorted Antiques.
  1335 | D:3      | Found a blossoming altar of Fedhas.
  1681 | D:4      | Reached XP level 6. HP: 46/46 MP: 6/6
  2094 | D:4      | Found a glowing drain.
  2202 | Sewer    | Entered a sewer
  2318 | Sewer    | Reached XP level 7. HP: 51/51 MP: 7/7
  2722 | D:5      | Entered Level 5 of the Dungeon
  2853 | D:5      | Found a broken altar of Ashenzari.
  2866 | D:5      | Found a snail-covered altar of Cheibriados.
  3222 | D:5      | Found Xyaza's Weapon Shoppe.
  3492 | D:5      | Found a shimmering altar of Xom.
  3493 | D:5      | Found a hazy altar of Hepliaklqana.
  3495 | D:5      | Noticed a spectral ugly thing
  3633 | D:6      | Found a shimmering blue altar of Sif Muna.
  3745 | D:6      | Reached XP level 8. HP: 57/57 MP: 8/8
  3746 | D:6      | Found a staircase to the Ecumenical Temple.
  3748 | D:6      | Found a radiant altar of Vehumet.
  3822 | D:6      | Found a bloodstained altar of Trog.
  3822 | D:6      | Noticed a wizard
  3829 | D:6      | Killed a wizard
  3863 | D:6      | Reached skill level 10 in Ranged Weapons
  3910 | D:6      | Noticed a wraith
  3923 | D:6      | Killed a wraith
  4226 | D:6      | Noticed a two-headed ogre
  4232 | D:6      | Killed a two-headed ogre
  4233 | D:6      | Reached XP level 9. HP: 62/62 MP: 9/9
  4687 | Temple   | Entered the Ecumenical Temple
  5111 | D:7      | Found a white marble altar of Elyvilon.
  5573 | D:8      | Found a glowing silver altar of Zin.
  5783 | D:8      | Reached XP level 10. HP: 68/68 MP: 10/10
  6110 | D:9      | Noticed Maggie
  6118 | D:9      | Killed Maggie
  6284 | D:9      | Reached skill level 15 in Ranged Weapons
  6347 | D:9      | Noticed Gastronok
  6375 | D:9      | You are sucked into a shaft and drop 1 floor!
  6375 | D:10     | Entered Level 10 of the Dungeon
  6630 | D:10     | Reached skill level 10 in Dodging
  6630 | D:10     | Reached XP level 11. HP: 73/73 MP: 11/11
  7088 | D:10     | Noticed Grum
  7100 | D:10     | Killed Grum
  7386 | D:9      | Noticed a two-headed ogre
  7390 | D:9      | Killed a two-headed ogre
  7498 | D:9      | Killed Gastronok
  7499 | D:9      | Reached skill level 5 in Fighting
  7827 | D:10     | Reached XP level 12. HP: 48/88 MP: 12/12
  8013 | D:10     | Found an opulent altar of Gozag.
  8113 | D:11     | Noticed a boulder beetle
  8127 | D:11     | Killed a boulder beetle
  8238 | D:11     | Found a staircase to the Orcish Mines.
  8332 | D:11     | Gained mutation: You sometimes lose your temper in combat.
                  | [a neqoxec]
  8333 | D:11     | Gained mutation: You are vulnerable to cold. (rC-) [a
                  | neqoxec]
  8334 | D:11     | Gained mutation: Your body sometimes deteriorates upon
                  | taking damage. [a neqoxec]
  8621 | D:11     | Identified the +1 leather armour of the Serpent {Fly rN+
                  | Str+3}
  8776 | D:11     | Found a staircase to the Lair.
  9080 | Orc:1    | Entered Level 1 of the Orcish Mines
  9123 | Orc:1    | Noticed an orc warlord
  9465 | D:12     | Noticed Rupert
  9476 | D:12     | Killed Rupert
  9518 | D:12     | Noticed Frances
  9529 | D:12     | Killed Frances
  9793 | D:12     | Reached skill level 10 in Fighting
 10484 | D:13     | Gained mutation: You can hop long distances. [Barachi
                  | growth]
 10484 | D:13     | Reached XP level 13. HP: 104/104 MP: 13/13
 10736 | D:13     | Noticed a vault guard
 10736 | D:13     | Noticed a vault guard
 10736 | D:13     | Noticed a vault guard
 10744 | D:13     | Killed a vault guard
 10744 | D:13     | Noticed a vault guard
 10754 | D:13     | Killed a vault guard
 10756 | D:13     | Noticed a vault guard
 10963 | D:13     | Killed a vault guard
 11073 | D:13     | Noticed a vault guard
 11081 | D:13     | Killed a vault guard
 11095 | D:13     | Killed a vault guard
 11233 | D:13     | Found a gate to the Vaults.
 11263 | D:13     | Killed a vault guard
 12294 | Lair:1   | Entered Level 1 of the Lair of Beasts
 13164 | Lair:2   | Found a runed translucent gate.
 13165 | Lair:2   | Found a runed translucent gate.
 13166 | Lair:2   | Found a runed translucent gate.
 13173 | Lair:2   | Noticed raetorn's ghost (journeyman DgCj)
 13219 | Lair:2   | Reached skill level 15 in Dodging
 13502 | Lair:2   | Reached skill level 1 in Armour
 13901 | Lair:2   | Reached XP level 14. HP: 118/118 MP: 14/14
 14131 | Lair:2   | Killed raetorn's ghost
 14161 | Lair:3   | Found a staircase to the Shoals.
 14280 | Lair:3   | Found a hole to the Spider Nest.
 15088 | Lair:4   | Reached skill level 5 in Armour
 15811 | Lair:4   | Identified the staff of air "Declessi" {rElec rF- Str+4}
 16223 | Lair:5   | Entered Level 5 of the Lair of Beasts
 16501 | Lair:5   | Reached skill level 15 in Fighting
 16808 | Lair:5   | Found a staircase to the Slime Pits.
 16808 | Lair:5   | Found a viscous altar of Jiyva.
 17242 | Lair:5   | Reached XP level 15. HP: 114/130 MP: 15/15
 17822 | Lair:5   | Identified the staff of death "Hiskel" {rN+ Dex+5}
 18275 | Lair:5   | Fell from the grace of Ignis
 18275 | Lair:5   | Became a worshipper of Jiyva Jufyitt the Shapeless
 18794 | D:14     | Reached * piety under Jiyva
 18811 | D:14     | Found an ancient bone altar of Kikubaaqudgha.
 18815 | D:14     | Found Arimm's Assorted Antiques.
 19380 | D:14     | Reached ** piety under Jiyva
 19427 | D:15     | Entered Level 15 of the Dungeon
 19525 | D:15     | Found a portal to a secret trove of treasure.
 19589 | D:15     | Noticed a profane servitor
 19616 | D:15     | Found a transporter.
 19637 | D:15     | Noticed a tentacled starspawn
 19668 | D:15     | Noticed Kiedyfinla's ghost (adept KoGl)
 19692 | D:15     | Found a transporter.
 19699 | D:15     | Found a one-way gate to the infinite horrors of the Abyss.
 19774 | D:15     | Found a staircase to the Depths.
 20187 | D:6      | Found an ancient bone altar of Kikubaaqudgha.
 20559 | D:1      | Bought a +6 ring of dexterity for 396 gold pieces
 20637 | D:6      | Found a sparkling altar of Nemelex Xobeh.
 20823 | D:11     | Killed an orc warlord
 20910 | Orc:1    | Reached *** piety under Jiyva
 20920 | Orc:1    | Found Wyggureu's Assorted Antiques.
 20924 | Orc:1    | Found Vuzia's Antique Weapon Shop.
 20933 | Orc:1    | Bought a potion of heal wounds for 145 gold pieces
 20951 | Orc:1    | Found Isibunir's Assorted Antiques.
 20960 | Orc:1    | Bought a runed moonstone ring for 175 gold pieces
 21042 | Orc:1    | Found Lount's Firing Range.
 21074 | Orc:1    | Found Xuiguf's Book Shop.
 21206 | Orc:1    | Found Yqisepall's Antique Weapon Shoppe.
 21304 | Orc:2    | Entered Level 2 of the Orcish Mines
 21327 | Orc:2    | Noticed Sonja
 21328 | Orc:2    | Killed Sonja
 21491 | Orc:2    | Lost mutation: You are vulnerable to cold. (rC-) [Jiyva's
                  | grace]
 21491 | Orc:2    | Gained mutation: Your translucent skin slightly reduces
                  | your foes' accuracy. (Stealth+) [Jiyva's grace]
 21491 | Orc:2    | Gained mutation: Your translucent skin reduces your foes'
                  | accuracy. (Stealth+) [Jiyva's grace]
 21491 | Orc:2    | Gained mutation: Your transparent skin significantly
                  | reduces your foes' accuracy. (Stealth+) [Jiyva's grace]
 21491 | Orc:2    | Gained mutation: Your melee attacks may engulf your foes in
                  | ooze. [Jiyva's grace]
 21576 | Orc:2    | Found Nafril's Weapon Emporium.
 21581 | Orc:2    | Reached **** piety under Jiyva
 21614 | Orc:2    | Reached XP level 16. HP: 141/143 MP: 16/16
 21621 | Orc:2    | Reached skill level 1 in Evocations
 21643 | Orc:2    | Found a staircase to the Elven Halls.
 21751 | Orc:2    | Found Ycusm's Book Emporium.
 21751 | Orc:2    | Found Baisioco's Book Shop.
 21985 | Orc:2    | Found Bevvideu's Magic Scroll Shop.
 21985 | Orc:2    | Found Cumoesa's Jewellery Emporium.
 21993 | Orc:2    | Bought a scroll of acquirement for 728 gold pieces
 21993 | Orc:2    | Acquired 528 gold pieces
 21994 | Orc:2    | Bought a scroll of teleportation for 42 gold pieces
 21994 | Orc:2    | Bought a scroll of teleportation for 42 gold pieces
 22550 | D:11     | Reached skill level 1 in Spellcasting
 22636 | Shoals:1 | Entered Level 1 of the Shoals
 22831 | Shoals:1 | You fall into a shaft and drop 1 floor!
 22868 | Shoals:2 | Acquired the +1 hat "Wielinun" {Will+}
 22933 | Shoals:2 | Reached ***** piety under Jiyva
 23812 | Shoals:2 | Lost mutation: You sometimes lose your temper in combat.
                  | [Jiyva's grace]
 23812 | Shoals:2 | Gained mutation: You are robust. (+10% HP) [Jiyva's grace]
 23812 | Shoals:2 | Gained mutation: You are very robust. (+20% HP) [Jiyva's
                  | grace]
 23812 | Shoals:2 | Gained mutation: You are extremely robust. (+30% HP)
                  | [Jiyva's grace]
 23812 | Shoals:2 | Gained mutation: You have acidic saliva. [Jiyva's grace]
 23847 | Shoals:2 | Reached skill level 5 in Evocations
 24180 | Shoals:2 | Was forgiven by Ignis
 24725 | Shoals:3 | Reached XP level 17. HP: 198/198 MP: 24/24
 24917 | Shoals:3 | Noticed Ilsuiw
 25326 | Shoals:3 | Found a stormy altar of Qazlal.
 25330 | Shoals:3 | Noticed a kraken
 25355 | Shoals:3 | Killed a kraken
 25577 | Shoals:3 | Killed Ilsuiw
 25633 | Shoals:4 | Entered Level 4 of the Shoals
 25793 | Spider:1 | Entered Level 1 of the Spider Nest
 26034 | Spider:1 | Reached ****** piety under Jiyva
 26131 | Spider:1 | Reached skill level 1 in Stealth
 26441 | Spider:1 | Lost mutation: Your body sometimes deteriorates upon taking
                  | damage. [Jiyva's grace]
 26441 | Spider:1 | Lost mutation: You are extremely robust. (+30% HP) [Jiyva's
                  | grace]
 26441 | Spider:1 | Lost mutation: You have acidic saliva. [Jiyva's grace]
 26441 | Spider:1 | Lost mutation: Your transparent skin significantly reduces
                  | your foes' accuracy. (Stealth+) [Jiyva's grace]
 26441 | Spider:1 | Lost mutation: Your melee attacks may engulf your foes in
                  | ooze. [Jiyva's grace]
 26441 | Spider:1 | Gained mutation: Your body has grown eyes which may confuse
                  | attackers. (Acc +3) [Jiyva's grace]
 26441 | Spider:1 | Gained mutation: Your body has grown many eyes which may
                  | confuse attackers. (Acc +5) [Jiyva's grace]
 26441 | Spider:1 | Gained mutation: Your body is covered in eyes which may
                  | confuse attackers. (Acc +7, SInv) [Jiyva's grace]
 26441 | Spider:1 | Gained mutation: You are covered in slimy tendrils that may
                  | disarm your opponents. [Jiyva's grace]
 26790 | Slime:1  | Entered Level 1 of the Pits of Slime
 26790 | Slime:1  | Noticed an acid blob
 26790 | Slime:1  | Noticed an acid blob
 26799 | Slime:2  | Noticed an acid blob
 26802 | Slime:2  | Noticed an acid blob
 26844 | Slime:2  | Noticed an acid blob
 26913 | Slime:3  | Noticed an acid blob
 26924 | Slime:5  | Entered Level 5 of the Pits of Slime
 26924 | Slime:5  | Noticed an acid blob
 26954 | Slime:5  | Noticed an acid blob
 27043 | Slime:5  | Noticed an acid blob
 27055 | Slime:5  | Noticed the Royal Jelly
 27106 | Slime:5  | Found a viscous altar of Jiyva.
 27107 | Slime:5  | Noticed an acid blob
 27107 | Slime:5  | Noticed an acid blob
 27107 | Slime:5  | Noticed an acid blob
 27108 | Slime:5  | Noticed an acid blob
 27110 | Slime:5  | Noticed an acid blob
 27114 | Slime:5  | Identified the +8 longbow of the Destroying Jester {elec,
                  | SInv}
 27126 | Slime:5  | Identified the amulet of Past Mistakes {Faith +Inv}
 27129 | Slime:5  | Got a slimy rune of Zot
 27138 | Slime:5  | Got the Guide on Causimancy
 27139 | Slime:5  | Identified the ring "Fuclog" {rPois rF- Dex+3 SInv}
 27142 | Slime:5  | Got the Papyrus of Rancid Convocation
 27146 | Slime:5  | Identified the +10 dagger of Blood-Lust {freeze, Fragile
                  | rF+ rN++ SInv}
 27159 | Slime:5  | Noticed an acid blob
 27159 | Slime:5  | Noticed an acid blob
 27194 | Slime:2  | Noticed an acid blob
 27310 | Slime:3  | Noticed an acid blob
 27310 | Slime:3  | Noticed an acid blob
 27320 | Slime:3  | Noticed an acid blob
 27367 | Slime:3  | Found a viscous altar of Jiyva.
 27417 | Lair:4   | Learned a level 2 spell: Blink
 27557 | Spider:2 | You fall into a shaft and drop 1 floor!
 27564 | Spider:3 | Reached skill level 5 in Spellcasting
 27572 | Spider:3 | Reached skill level 1 in Translocations
 27609 | Spider:3 | Noticed Donald
 27610 | Spider:3 | Noticed Aizul
 28727 | D:15     | Killed a tentacled starspawn
 28764 | D:15     | Killed a profane servitor
 28766 | D:15     | Reached XP level 18. HP: 138/190 MP: 26/26
 28823 | D:15     | Killed Kiedyfinla's ghost
 28841 | D:15     | Identified the +2 pair of gloves of Paacunka {rF- Str+2
                  | SInv}
 28920 | Depths:1 | Entered Level 1 of the Depths
 29142 | Depths:1 | Found a gateway to a bazaar.
 29151 | Depths:1 | Found a gateway to Hell.
 29181 | Depths:1 | Found a white marble altar of Elyvilon.
 29666 | Spider:3 | Noticed Agnes
 29671 | Spider:3 | Killed Agnes
 29742 | Spider:3 | Killed Aizul
 29747 | Spider:3 | Identified the +3 flail "Laras" {heavy, *Noise rF+ Dex+3}
 29765 | Spider:3 | Killed Donald
 29766 | Spider:3 | Reached skill level 5 in Translocations
 30240 | Spider:4 | Entered Level 4 of the Spider Nest
 30560 | Spider:4 | Found a hide-covered altar of Uskayaw.
 30917 | Spider:4 | Lost mutation: Your body is covered in eyes which may
                  | confuse attackers. (Acc +7, SInv) [Jiyva's grace]
 30917 | Spider:4 | Lost mutation: Your body has grown many eyes which may
                  | confuse attackers. (Acc +5) [Jiyva's grace]
 30917 | Spider:4 | Lost mutation: Your body has grown eyes which may confuse
                  | attackers. (Acc +3) [Jiyva's grace]
 30917 | Spider:4 | Gained mutation: Armour fits poorly on your pseudopods.
                  | [Jiyva's grace]
 30917 | Spider:4 | Gained mutation: Armour fits poorly on your large
                  | pseudopods. [Jiyva's grace]
 30917 | Spider:4 | Gained mutation: Armour fits poorly on your massive
                  | pseudopods. [Jiyva's grace]
 30917 | Spider:4 | Gained mutation: You are strong-willed. (Will+) [Jiyva's
                  | grace]
 30946 | Spider:4 | Reached XP level 19. HP: 207/207 MP: 0/29
 31025 | Spider:4 | Got a gossamer rune of Zot
 31625 | Orc:2    | Bought a scroll of enchant armour for 105 gold pieces
 31683 | Elf:1    | Entered Level 1 of the Elven Halls
 31806 | Elf:1    | Identified the +7 lajatang "Woreit" {flame, +Blink rC+
                  | Will++}
 31904 | Elf:1    | Got the Tome of the Retinue
 32690 | Elf:2    | Identified Roxanne's Parchment of Modification
 32690 | Elf:2    | Noticed Roxanne
 32708 | Elf:2    | Killed Roxanne
 32754 | Elf:2    | Found a radiant altar of Vehumet.
 33123 | Elf:2    | Found a runed translucent gate.
 33123 | Elf:2    | Found a runed translucent gate.
 33135 | Elf:2    | Found a runed translucent gate.
 33496 | Elf:2    | Lost mutation: Armour fits poorly on your massive
                  | pseudopods. [Jiyva's grace]
 33496 | Elf:2    | Lost mutation: Your translucent skin reduces your foes'
                  | accuracy. (Stealth+) [Jiyva's grace]
 33496 | Elf:2    | Gained mutation: You are partially covered in iridescent
                  | scales. (AC +2) [Jiyva's grace]
 33496 | Elf:2    | Gained mutation: You are mostly covered in iridescent
                  | scales. (AC +4) [Jiyva's grace]
 33496 | Elf:2    | Gained mutation: You are completely covered in iridescent
                  | scales. (AC +6) [Jiyva's grace]
 33496 | Elf:2    | Gained mutation: You have a pair of small horns on your
                  | head. [Jiyva's grace]
 33595 | Elf:3    | Entered Level 3 of the Elven Halls
 33895 | Elf:3    | Found Ycrosh's Antique Weapon Emporium.
 34046 | Elf:3    | Reached XP level 20. HP: 113/220 MP: 31/31
 34276 | Elf:3    | Identified the +10 battleaxe of Understanding {drain,
                  | Fragile rC+ Will++ rCorr}
 34306 | Elf:3    | Noticed a Tzitzimitl
 34673 | Elf:3    | Identified the +1 falchion of Zedaurim {flame, rC++ rCorr
                  | Str+2 Dex-2}
 34723 | Elf:3    | Identified the +6 war axe "Demonslayer" {flame, Str+2}
 34756 | Elf:3    | Identified the ring "Delegow" {rN+ Str+6 Dex+4 Slay+4}
 34777 | Elf:3    | Identified the +7 flail "Vobbaeh" {elec, Stlth+}
 34791 | Elf:3    | Identified the +1 morningstar "Dyegoileigh" {freeze, Str+2
                  | Dex+2}
 34806 | Elf:3    | Identified the ring of Ixtaw {rN+ Str+5 Slay-6}
 35113 | Elf:1    | Learned a level 2 spell: Passwall
 35117 | Elf:1    | Learned a level 3 spell: Swiftness
 35600 | Depths:1 | Reached skill level 1 in Transmutations
 35600 | Depths:1 | Reached skill level 1 in Air Magic
 35605 | Depths:1 | Reached skill level 1 in Earth Magic
 35842 | Depths:1 | Found a one-way gateway to a ziggurat.
 36129 | Depths:2 | Noticed a juggernaut
 36291 | Depths:2 | Killed a juggernaut
 36921 | Depths:2 | Identified the ring "Epnuverr" {Fly rElec rC- Will++ Dex-2}
 36991 | Depths:2 | Noticed a caustic shrike
 36992 | Depths:2 | Noticed a golden dragon
 37000 | Depths:2 | Killed a caustic shrike
 37018 | Depths:2 | Killed a golden dragon
 37045 | Depths:2 | Reached XP level 21. HP: 181/231 MP: 33/33
 37208 | Depths:2 | Reached skill level 5 in Air Magic
 37217 | Depths:2 | Reached skill level 5 in Transmutations
 37392 | Depths:2 | Reached skill level 5 in Earth Magic
 37399 | Depths:2 | Acquired 565 gold pieces
 37445 | Depths:2 | Noticed a golden dragon
 37453 | Depths:2 | Killed a golden dragon
 37471 | Depths:2 | Noticed a golden dragon
 37504 | Depths:2 | Killed a golden dragon
 37617 | Depths:2 | Noticed a juggernaut
 37662 | Depths:2 | Killed a juggernaut
 37706 | Depths:2 | Found a one-way gate leading to the halls of Pandemonium.
 37856 | Depths:2 | Lost mutation: You are completely covered in iridescent
                  | scales. (AC +6) [Jiyva's grace]
 37856 | Depths:2 | Lost mutation: You are strong-willed. (Will+) [Jiyva's
                  | grace]
 37856 | Depths:2 | Lost mutation: You are very robust. (+20% HP) [Jiyva's
                  | grace]
 37856 | Depths:2 | Gained mutation: Your body has grown eyes which may confuse
                  | attackers. (Acc +3) [Jiyva's grace]
 37856 | Depths:2 | Gained mutation: Your body has grown many eyes which may
                  | confuse attackers. (Acc +5) [Jiyva's grace]
 37856 | Depths:2 | Gained mutation: Your body is covered in eyes which may
                  | confuse attackers. (Acc +7, SInv) [Jiyva's grace]
 37856 | Depths:2 | Gained mutation: Your flesh is heat resistant. (rF+)
                  | [Jiyva's grace]
 38583 | Depths:3 | Noticed a juggernaut
 38586 | Depths:3 | Noticed a golden dragon
 38599 | Depths:3 | Killed a juggernaut
 38607 | Depths:3 | Killed a golden dragon
 38716 | Depths:3 | Reached XP level 22. HP: 176/222 MP: 34/34
 38721 | Depths:3 | Identified the +0 arbalest "Lisacefu" {heavy, *Corrode rF++
                  | rC++}
 38721 | Depths:3 | Identified the +9 war axe of the Old World {holy, Fly rC-
                  | Dex+5}
 38845 | Depths:3 | Noticed a golden dragon
 38861 | Depths:3 | Killed a golden dragon
 38997 | Depths:3 | Got the Elucidation of the Turtledove
 39007 | Depths:3 | Identified the +0 scale mail "Gempebb" {Str+4}
 39010 | Depths:3 | Noticed a golden dragon
 39018 | Depths:3 | Killed a golden dragon
 39022 | Depths:3 | Got Sif Muna's Volume of the Comburant Crevasse
 39942 | Depths:4 | Entered Level 4 of the Depths
 40150 | Depths:4 | Noticed Parghit
 40155 | Depths:4 | Found a gate to the Realm of Zot.
 40720 | Depths:4 | Noticed Vv
 40747 | Depths:4 | Killed Vv
 40900 | Depths:4 | Found a sacrificial altar of Ru.
 40913 | Depths:4 | Lost mutation: You are robust. (+10% HP) [Jiyva's grace]
 40913 | Depths:4 | Gained mutation: You are completely covered in iridescent
                  | scales. (AC +6) [Jiyva's grace]
 40913 | Depths:4 | Gained mutation: You have large cloven feet. [Jiyva's
                  | grace]
 40913 | Depths:4 | Gained mutation: You have hoof-like feet. [Jiyva's grace]
 40913 | Depths:4 | Gained mutation: You have hooves in place of feet. [Jiyva's
                  | grace]
 41865 | Shoals:4 | Reached skill level 10 in Transmutations
 41872 | Shoals:4 | Acquired the +1 hat of Absence {Drain +Inv rCorr Str+2}
 41991 | Shoals:4 | Reached skill level 10 in Air Magic
 42009 | Shoals:4 | Reached XP level 23. HP: 162/211 MP: 35/35
 42053 | Shoals:4 | Got a barnacled rune of Zot
 42209 | Shoals:4 | Identified the amulet "Iluplig" {Spirit rPois}
 42804 | Bazaar   | Entered a bazaar
 42809 | Bazaar   | Found Toofue's Armour Shop.
 42825 | Bazaar   | Found Ushred's Distillery.
 42843 | Bazaar   | Bought a potion of haste for 110 gold pieces
 42843 | Bazaar   | Bought a potion of heal wounds for 55 gold pieces
 42862 | Bazaar   | Bought a potion of curing for 33 gold pieces
 42876 | Bazaar   | Found Jigharao's Armour Shop.
 42892 | Bazaar   | Found Meryinkaisk's Book Shop.
 42922 | Bazaar   | Bought the +6 scale mail "Meklushro" {rN+ Str+6 Stlth-} for
                  | 451 gold pieces
 43027 | Zot:1    | Entered Level 1 of the Realm of Zot
 44007 | Zot:1    | Reached skill level 10 in Earth Magic
 44226 | Zot:1    | Found a transporter.
 44231 | Zot:1    | Found a transporter.
 44231 | Zot:1    | Noticed a caustic shrike
 44234 | Zot:1    | Noticed a shard shrike
 44234 | Zot:1    | Noticed a caustic shrike
 44251 | Zot:1    | Noticed a shard shrike
 44284 | Zot:1    | Noticed a shard shrike
 44337 | Zot:1    | Noticed a golden dragon
 44337 | Zot:1    | Noticed Beclu's ghost (legendary GnSk)
 44379 | Zot:2    | Noticed a curse toe
 44456 | Zot:2    | Killed a curse toe
 44806 | D:15     | You paid a toll of 18 potions of curing to enter a treasure
                  | trove
 44807 | Trove    | Entered a treasure trove
 44809 | Trove    | Found the +9 sword of Power {lifebolt}
 44809 | Trove    | Found the +27 heavy crossbow "Sniper" {heavy, Acc+∞ SInv}
 44821 | Trove    | Identified the +0 helmet "Collihua" {Contam Regen+ Dex+4}
 44823 | Trove    | Identified the +2 leather armour "Seotagh" {Int+2 Dex+3}
 44912 | Hell     | Entered the Vestibule of Hell
 44912 | Hell     | Noticed Geryon
 44929 | Hell     | Lost mutation: You have hooves in place of feet. [Jiyva's
                  | grace]
 44929 | Hell     | Lost mutation: You are completely covered in iridescent
                  | scales. (AC +6) [Jiyva's grace]
 44929 | Hell     | Lost mutation: You are mostly covered in iridescent scales.
                  | (AC +4) [Jiyva's grace]
 44929 | Hell     | Lost mutation: Your body is covered in eyes which may
                  | confuse attackers. (Acc +7, SInv) [Jiyva's grace]
 44929 | Hell     | Lost mutation: Armour fits poorly on your large pseudopods.
                  | [Jiyva's grace]
 44929 | Hell     | Gained mutation: Your rubbery body absorbs attacks. (AC +1,
                  | EV +1) [Jiyva's grace]
 44929 | Hell     | Gained mutation: Your pliable body absorbs attacks. (AC +2,
                  | EV +2) [Jiyva's grace]
 44929 | Hell     | Gained mutation: Your gelatinous body deflects attacks. (AC
                  | +3, EV +3) [Jiyva's grace]
 44929 | Hell     | Gained mutation: You are covered in fur. (AC +1) [Jiyva's
                  | grace]
 45676 | Zot:3    | Noticed a curse toe
 45859 | Zot:2    | Killed a curse toe
 45990 | Zot:3    | Noticed a golden dragon
 45993 | Zot:3    | Killed a golden dragon
 46045 | Zot:4    | Noticed a golden dragon
 46047 | Zot:4    | Noticed a golden dragon
 46049 | Zot:4    | Killed a golden dragon
 46062 | Zot:3    | Killed a golden dragon
 46146 | Zot:5    | Entered Level 5 of the Realm of Zot
 46243 | Zot:5    | Reached XP level 24. HP: 195/221 MP: 18/35
 46316 | Zot:5    | Noticed an ancient lich
 46333 | Zot:5    | Killed an ancient lich
 46454 | Zot:5    | Noticed a Killer Klown
 46461 | Zot:5    | Killed a Killer Klown
 46467 | Zot:5    | Noticed an orb of fire
 46469 | Zot:5    | Gained mutation: You are weak. (Str -2) [an orb of fire]
 46473 | Zot:5    | Noticed an orb of fire
 46474 | Zot:5    | Killed an orb of fire
 46491 | Zot:5    | Killed an orb of fire
 46558 | Zot:5    | Noticed an orb of fire
 46561 | Zot:5    | Noticed an orb of fire
 46573 | Zot:5    | Gained mutation: You occasionally shout uncontrollably at
                  | your foes. [an orb of fire]
 46585 | Zot:5    | HP: 11/222 [orb of fire/fireball (25)]
 46586 | Zot:5    | Killed from afar by an orb of fire

Illustrated notes

Levels and vault maps discovered:
D:1:      eino_arrival_druids_welcome, layout_rooms,
          hellmonk_ecumenical_altar_pennies_from_heaven, serial_shops,
          nicolae_shop_industrial_runoff, shop, nicolae_shop_rolling_square,
          shop, solitary_fountain
D:2:      layout_basic, minmay_diced_spiral, uniq_natasha
D:3:      layout_rooms, fedhas_ov_isle_minmay, serial_shops, shop
D:4:      cheibrodos_greedy_goblins, layout_cave_pools, portal_sewer_entry_d
D:5:      layout_loops_ring, regret_index_temple_of_mockery,
          nicolae_overflow_crystal_walls, overflow_temple_1_default,
          serial_shops, shop
D:6:      minmay_razor_zed, layout_rooms, trog_wizard,
          nicolae_overflow_hidden_temple, vehumet_statue, temple_statues
D:7:      layout_loops_cross, general_overflow_altar
D:8:      layout_cave_pools, zin_academy
D:9:      layout_cave_pools, uniq_maggie, uniq_gastronok
D:10:     layout_basic, nicolae_gozag_seed_capital, dreamdust_wishing_well,
          uniq_grum
D:11:     layout_long_grid, lair_entry_dummy, hiddenorc2_lemuel,
          gauntlet_entry_generic
D:12:     layout_irregular_city, uniq_frances, uniq_rupert
D:13:     layout_rooms, ximxim_vaults_locker_room
D:14:     layout_irregular_city, kiku_gazebo_garden_becter, serial_shops, shop
D:15:     grunt_enter_depths_magical_seal, layout_rooms, serial_glass,
          glass_columns_b, glass_columns_c, enter_trove_3,
          gammafunk_ghost_abyssal_escape
Temple:   kb_temple_of_zot
Lair:1:   layout_cellular_growth, infiniplex_staircase_pool_2
Lair:2:   layout_roguey, ebering_ghost_rock_garden,
          nicolae_volcano_entry_two_sided, serial_bayou_shore_b,
          lemuel_fruit_tree, grunt_megastairs_5
Lair:3:   layout_roguey, minmay_shoals_entry_centaurs,
          nicolae_spider_entry_lesser_pyramids
Lair:4:   nzn_winding_woodlands_cross [nzn_winding_woodlands_5x15_concentric,
          nzn_winding_woodlands_5x15_garden, nzn_winding_woodlands_5x15_twine,
          nzn_winding_woodlands_5x15_longhouse,
          nzn_winding_woodlands_15x15_boxy_spiral], layout_regular_city
Lair:5:   gammafunk_lair_ancient_temple, layout_layer_cave, slime_entry_1,
          amcnicky_mini_pool_medium, grunt_megastairs_4
Shoals:1: layout_shoals, nicolae_shoals_lost_giant_pillars
Shoals:2: layout_shoals, nicolae_shoals_water_shrine
Shoals:3: layout_shoals, wheals_shoals_ruined_temple, uniq_ilsuiw
Shoals:4: shoals_end_hellmonk_lost_city
Spider:1: nicolae_spider_hilbert_zone_3 [nicolae_spider_hilbert_4_sides_2_open,
          nicolae_spider_hilbert_3_sides_1_open,
          nicolae_spider_hilbert_3_sides_1_open,
          nicolae_spider_hilbert_3_sides_1_open,
          nicolae_spider_hilbert_3_sides_1_open,
          nicolae_spider_hilbert_4_sides_1_open,
          nicolae_spider_hilbert_4_sides_1_open,
          nicolae_spider_hilbert_4_sides_1_open,
          nicolae_spider_hilbert_4_sides_1_open,
          nicolae_spider_hilbert_4_sides_1_open,
          nicolae_spider_hilbert_4_sides_1_open,
          nicolae_spider_hilbert_4_sides_1_open,
          nicolae_spider_hilbert_4_sides_1_open,
          nicolae_spider_hilbert_3_sides_1_open,
          nicolae_spider_hilbert_3_sides_1_open,
          nicolae_spider_hilbert_3_sides_1_open,
          nicolae_spider_hilbert_3_sides_1_open]
Spider:2: layout_spider_delve, special_room [special_room_bee],
          nicolae_spider_spiderdrome
Spider:3: layout_spider_delve, nicolae_spider_twisty_arc_passages,
          nicolae_spider_cling_halls, uniq_aizul, uniq_agnes, uniq_donald
Spider:4: grunt_spider_rune_parallel, nicolae_spider_altar_of_dancing
Slime:1:  layout_caves
Slime:2:  layout_caves
Slime:3:  layout_caves, basic_altar, nicolae_slime_getting_an_eyeful
Slime:4:  layout_caves, uniq_dissolution
Slime:5
Orc:1:    layout_caves, serial_shops, nicolae_shop_overgrown_old_shop, shop,
          shop, nicolae_shop_just_a_little_nook, shop, nicolae_orc_damp_corner,
          nicolae_shop_firing_range
Orc:2:    st_orc_town, layout_caves, serial_shops, nicolae_shop_tiny_waterfront,
          uniq_sonja
Elf:1:    elf_arrival_002, layout_geoelf_diagonals, minmay_elf_demonology
Elf:2:    elven_hall_of_blades_hangedman_original
          [nicolae_blade_entry_pointy_end], layout_gridlike, basic_altar,
          due_unseen_surprise, uniq_roxanne
Elf:3:    minmay_elf_hall, layout_loops_corners, serial_shops,
          nicolae_square_shop
Depths:1: layout_twisted_cross, enter_ziggurat_d, hell_entry, serial_shops,
          bzr_entry_road, elyvilon_altar_1, chequers_jeans, nicolae_titane,
          kennysheep_random_hallway
Depths:2: box_level_dp, hell_entry, pan_entry
Depths:3: minmay_heptahexagon, layout_basic, hell_entry, abyss_entry,
          small_chamber_with_monster, serial_bayou_shore_b
Depths:4: evilmike_zot_entry_argh, layout_basic, abyss_entry, hell_entry,
          serial_sigils_hangedman_writhe, nicolae_ru_awakened_eye, uniq_vv,
          uniq_parghit
Hell
Zot:1:    layout_cathedral_of_symmetry, gammafunk_ghost_berserking_beasts
Zot:2:    layout_concentric_octagons, grunt_megastairs_2
Zot:3:    layout_misc_corridors, lemuel_golem_globe
Zot:4:    hangedman_orp_of_zott, layout_basic
Zot:5:    layout_twisted_circle

Skill      XL: |  1  2  3  4  5  6  7  8  9 10 11 12 13 14 15 16 17 18 19 20 21 22 23 24 |
---------------+-------------------------------------------------------------------------+-----
Ranged Weapons | 5 6 7 8 9 12 14 15 16 17 18 19 | 19.2
Dodging        | 10 13 15 16 18 19 20 21 22 23 24 25 | 25.2
Fighting       | 6 10 13 15 18 19 20 21 22 23 24 25 | 25.7
Armour         | 2 6 7 9 |  9.1
Evocations     | 5 6 7 |  7.6
Spellcasting   | 4 5 6 7 8 |  8.2
Stealth        | 2 |  2.6
Translocations | 3 5 6 7 |  7.0
Transmutations | 4 7 10 11 | 11.2
Air Magic      | 4 7 10 11 | 11.1
Earth Magic    | 4 7 9 10 | 10.2

Action                     |  1- 3 |  4- 6 |  7- 9 | 10-12 | 13-15 | 16-18 | 19-21 | 22-24 || total
---------------------------+-------+-------+-------+-------+-------+-------+-------+-------++-------
  Melee: Longbow           |       |       |       |       |       |     2 |       |       ||     2
         Heavy crossbow    |       |       |       |       |       |       |       |     5 ||     5
         Kick              |       |       |       |       |       |       |       |     2 ||     2
         Pseudopods        |       |       |       |       |       |       |       |     2 ||     2
   Fire: Shortbow          |   104 |   130 |   187 |   421 |  1079 |   908 |       |       ||  2829
         Longbow           |       |       |       |       |       |   769 |  1512 |  1163 ||  3444
         Heavy crossbow    |       |       |       |       |       |       |       |    75 ||    75
   Cast: Blink             |       |       |       |       |       |     1 |     1 |       ||     2
         Swiftness         |       |       |       |       |       |       |     3 |     6 ||     9
 Invoke: Fiery Armour      |       |       |     1 |     1 |     1 |       |       |       ||     3
         Foxfire Swarm     |       |       |       |     4 |     2 |       |       |       ||     6
         Slimify           |       |       |       |       |       |       |     1 |       ||     1
         Oozemancy         |       |       |       |       |       |       |     1 |       ||     1
Ability: Hop               |     3 |     4 |     4 |     6 |    10 |     9 |    16 |    11 ||    63
  Evoke: Box of beasts     |       |       |       |       |       |     1 |       |       ||     1
    Use: Potion            |     1 |       |     1 |     2 |       |     8 |     4 |     3 ||    19
         Scroll            |       |     9 |     9 |     9 |    11 |     9 |     4 |     7 ||    58
 Armour: Leather armour    |    12 |    10 |    31 |     1 |       |       |       |       ||    54
         Steam dragon scal |       |       |       |    38 |       |       |       |       ||    38
         Acid dragon scale |       |       |       |    22 |   134 |   115 |   112 |   127 ||   510
  Dodge: Dodged            |    52 |    26 |    50 |   133 |   568 |  1397 |   834 |  1405 ||  4465
  Block: Other             |       |       |       |    26 |   152 |   225 |   126 |   187 ||   716
         Reflection        |       |       |       |     3 |    11 |    16 |     8 |    11 ||    49
